 Dungeon Crawl Stone Soup version 0.22.0-32-gbc6daba (webtiles) character file.

70 iamserjio the Ruffian (level 4, -2/44 HPs)
             Began as a Troll Fighter on Aug 23, 2018.
             Slain by an orc wizard
             ... wielding a +0 dagger of venom
              (5 damage)
             ... on level 3 of the Dungeon.
             The game lasted 00:02:12 (379 turns).

iamserjio the Ruffian (Troll Fighter)                Turns: 379, Time: 00:02:13

Health: -2/44      AC:  5    Str: 27 (29) XL:     4   Next: 3%
Magic:  3/3        EV:  8    Int:  3 (5)  God:
Gold:   19         SH:  0    Dex:  7 (9)  Spells: 3/3 levels left

rFire    . . .     SeeInvis .     - Unarmed
rCold    . . .     Gourm    +   b - +0 shield
rNeg     . . .     Faith    .   a - +0 robe
rPois    .         Spirit   .   (helmet restricted)
rElec    .         Reflect  .   (no cloak)
rCorr    .         Harm     .   (gloves unavailable)
MR       .....                  (boots unavailable)
Stlth    +.........             (no amulet)
HPRegen  0.54/turn              (no ring)
MPRegen  0.08/turn              (no ring)

@: confused, mighty, lethally poisoned (-2 -> -2), hasted, very quick
A: large, unfitting armour, claws 3, fast metabolism 3, gourmand, regeneration
1, shaggy fur 1, tough skin 2
a: no special abilities


You were on level 3 of the Dungeon.
You were hungry.

You visited 1 branch of the dungeon, and saw 4 of its levels.

You collected 19 gold pieces.

Inventory:

Armour
 a - a +0 robe (worn)
 b - a +0 shield (worn)
Scrolls
 e - a scroll of enchant armour {unknown}
 g - a scroll of identify {unknown}
 j - a scroll of fog {unknown}
Comestibles
 d - 5 rations


   Skills:
 - Level 2.4 Fighting
 - Level 2.4 Dodging
 - Level 2.4 Shields
 * Level 4.3 Unarmed Combat


You had 3 spell levels left.
You didn't know any spells.
Your spell library was empty.

Dungeon Overview and Level Annotations

Branches:
Dungeon (4/15)
 Temple: D:4-7

Altars:


Innate Abilities, Weirdness & Mutations

You are too large for most types of armour.
You have claws for hands.
Your metabolism is lightning-fast.
You like to eat raw meat.
Your natural rate of healing is unusually fast.
You are covered in fur. (AC +1)
You have very tough skin. (AC +2)


Message History

The orc warrior is heavily wounded.
The orc hits you with a club. The orc hits you but does no damage.
The orc warrior hits you with a flail.
You mangle the orc!!
You kill the orc!
The kobold barely misses you. The orc barely misses you.
The orc hits you but does no damage.
You closely miss the orc. The orc warrior hits you with a flail!
You're too confused to move!
The orc barely misses you. Something hits you.
You are poisoned.
The orc hits you with a club.
You closely miss the orc warrior.
The orc warrior is heavily wounded.
You feel sick. The kobold barely misses you.
The orc warrior hits you with a flail!!
* * * LOW HITPOINT WARNING * * *
The kobold hits you with a dagger.
* * * LOW HITPOINT WARNING * * *
The orc closely misses you. Something hits you.
You die...

... ....... .
....#.....# ..
....#.....##.
............
..........# .)
.......†..# ....
..........##.....
.....#.Ko{.......
... #.K@........
. #.oo.####..#
#.(..# .# ......#
........
..........#
.....#....#
.....#....#


You could see an orc warrior, 2 orcs and 2 kobolds.

Vanquished Creatures
  A centaur skeleton (D:4)
  An adder (D:3)
  A worm (D:3)
  A leopard gecko (D:4)
  3 orcs (D:3)
  2 bats
  A giant cockroach (D:3)
  3 goblins
  3 hobgoblins
  3 jackals (D:1)
  A frilled lizard (D:1)
  A kobold (D:1)
  5 rats
26 creatures vanquished.

Notes
Turn   | Place    | Note
-------+----------+-------------------------------------------
     0 | D:1      | iamserjio the Troll Fighter began the quest for the Orb.
     0 | D:1      | Reached XP level 1. HP: 22/22 MP: 0/0
   142 | D:1      | Reached XP level 2. HP: 29/29 MP: 1/1
   219 | D:3      | Reached skill level 3 in Unarmed Combat
   267 | D:3      | Reached XP level 3. HP: 33/36 MP: 2/2
   350 | D:4      | Reached skill level 4 in Unarmed Combat
   361 | D:3      | Noticed an orc warrior
   367 | D:3      | Reached XP level 4. HP: 40/44 MP: 3/3
   379 | D:3      | Slain by an orc wizard

Skill      XL: |  1  2  3 |
---------------+----------+-----
Unarmed Combat | 3 4 |  4.3
Fighting       | |  2.4
Dodging        | |  2.4
Shields        | |  2.4

Action                   |  1- 3 |  4- 6 || total
-------------------------+-------+-------++-------
Melee: Unarmed           |    69 |     7 ||    76
  Use: Potion            |     3 |     1 ||     4
Armor: Robe              |    32 |     5 ||    37
Dodge: Dodged            |    19 |    10 ||    29
Block: Shield            |    32 |       ||    32
